 Dungeon Crawl Stone Soup version 0.30.1-3-gfc49f6343a (webtiles) character file.

Game seed: 16105267126929392127

319 cdecastro the Grasshopper (level 6, 0/51 HPs)
             Began as an Armataur Warper on July 26, 2023.
             Was an Initiate of Gozag.
             Splashed by a jelly's acid (8 damage)
             ... on level 4 of the Dungeon.
             The game lasted 00:07:46 (3167 turns).

cdecastro the Grasshopper (Armataur Warper)         Turns: 3167, Time: 00:07:47

Health: 0/51       AC: -6    Str: 18    XL:     6   Next: 21%
Magic:  8/8        EV:  9    Int: 14    God:    Gozag
Gold:   178        SH:  0    Dex:  9    Spells: 8/8 levels left

rFire   . . .        h - +0 dagger (elec)
rCold   . . .        (no shield)
rNeg    . . .        b - +0 leather armour
rPois   .            (no helmet)
rElec   .            (no cloak)
rCorr   .            q - +0 pair of gloves
SInv    .            (no barding)
Will    .....        (no amulet)
Stlth   +            i - +4 ring of protection
HPRegen 0.28/turn    (no ring)
MPRegen 0.11/turn

%: roll
@: corroded
A: large, rugged brown scales 3, deformed body, armoured tail, roll, long
tongue, awkward tongue
a: Renounce Religion, Potion Petition, Call Merchant, Bribe Branch


You were on level 4 of the Dungeon.
You worshipped Gozag.
Gozag was aware of your devotion.
You visited 1 branch of the dungeon, and saw 4 of its levels.

You collected 216 gold pieces.
You paid 38 gold pieces to Gozag.

Inventory:

Hand Weapons
 a - a +0 mace
 h - a +0 dagger of electrocution (weapon)
Missiles
 d - 5 boomerangs of dispersal (quivered)
 w - 2 boomerangs
Armour
 b - a +0 leather armour (worn)
 q - a +0 pair of gloves (worn)
Jewellery
 i - a +4 ring of protection (left hand)
Scrolls
 c - a scroll of blinking
 k - 3 scrolls of identify {unknown}
 m - a scroll of immolation {unknown}
 p - a scroll of enchant weapon {unknown}
 t - a scroll of noise {unknown}
 v - a scroll of amnesia {unknown}
Potions
 e - 4 potions of brilliance {unknown}
 f - a potion of degeneration {unknown}
 g - a potion of haste {unknown}
 j - 2 potions of berserk rage {unknown}
 l - 2 potions of heal wounds {unknown}
 n - 4 potions of attraction {unknown}
 o - a potion of curing {unknown}
 r - a potion of mutation {unknown}
 s - a potion of magic {unknown}
 u - a potion of cancellation {unknown}


   Skills:
 - Level 1.7 Fighting
 - Level 1.7 Maces & Flails
 - Level 0.8 Throwing
 - Level 1.2 Armour
 - Level 1.3 Dodging
 - Level 1.7 Spellcasting
 + Level 7.1 Translocations


You had 8 spell levels left.
You didn't know any spells.
Your spell library contained the following spells:

 Spells                   Type           Power      Damage    Failure   Level
 Blink                    Tloc           42%        N/A       2%          2
 Lesser Beckoning         Tloc           42%        N/A       2%          2
 Teleport Other           Tloc           21%        N/A       4%          3
 Manifold Assault         Tloc           21%        N/A       16%         4
 Vhi's Electric Charge    Tloc/Air       22%        N/A       21%         3


Dungeon Overview and Level Annotations

Branches:
Dungeon (4/15)
 Temple: D:4-7

Altars:
Elyvilon
Gozag

Annotations:
D:3 2 runed translucent doors, Soraphim's ghost, amateur MiFi


Innate Abilities, Weirdness & Mutations

You are completely covered in rugged brown scales. (AC +3, +7% HP)
Armour fits poorly on your strangely shaped body.
You have a long armoured tail.
You roll when moving toward enemies. (Rampage)
Your long tongue fully drains potion bottles. (2x potion effects)
Your tongue gives you trouble enunciating. (1.5x scroll delay)


Message History

The orc barely misses you.
You hit the orc but do no damage.
The orc is lightly wounded.
The orc misses you.
You hit the orc but do no damage. Lightning courses through the orc!
You kill the orc!
You now have 178 gold pieces (gained 11).
Items here: )) [[.
A jelly comes into view.
The jelly quivers.
Things that are here:
16 gold pieces; a +0 club; a scroll labelled ZACHYUD FIZIK A jelly is nearby!
Things that are here:
16 gold pieces; a +0 club; a scroll labelled ZACHYUD FIZIK You hit the jelly.
Your hands burn!
The jelly is lightly wounded.
The jelly hits you but does no damage.
You hit the jelly but do no damage. The acid corrodes you!
Your hands burn!
The jelly is lightly wounded.
The jelly barely misses you.
You hit the jelly but do no damage. The acid corrodes you!
Your hands burn!
You tail-slap the jelly.
The jelly is lightly wounded.
The jelly hits you but does no damage.
You hit the jelly but do no damage.
Your hands burn!
* * * LOW HITPOINT WARNING * * *
The jelly is lightly wounded.
The jelly hits you.
* * * LOW HITPOINT WARNING * * *
You are splashed with acid!
* * * LOW HITPOINT WARNING * * *
You hit the jelly but do no damage. The acid corrodes you!
Your hands burn!
* * * LOW HITPOINT WARNING * * *
The jelly is lightly wounded.
The jelly hits you.
* * * LOW HITPOINT WARNING * * *
The acid corrodes you!
You are splashed with acid!
You die...
Your body crumbles into a pile of gold.

#.. ......> ##.. .......
#...#....... .!.........
. ...#.....#.!##
........#... #......##).
## #J.#.....##..#
#@##.#....$#.# .....
#)##.#........ .## #....
##...........). ..#
#....######....##....#.#
..###.......
#....####..##
...#..#....# ##...# ..#
.....####..# #...# .##
.......#>..######.## ##
.............# #..##.###


You could see a jelly.

Vanquished Creatures
  An ogre (D:3)
  Jessica (D:3)
  4 adders
  8 gnolls
  2 worms
  A dart slug (D:3)
  7 orcs
  10 bats
  3 endoplasms
  5 giant cockroaches
  8 goblins
  3 hobgoblins
  A jackal (D:3)
  2 quokkas (D:3)
  10 ball pythons
  6 frilled lizards
  9 kobolds
  4 rats
85 creatures vanquished.

Notes
Turn   | Place    | Note
-------+----------+-------------------------------------------
     0 | D:1      | cdecastro the Armataur Warper began the quest for the Orb.
     0 | D:1      | Reached XP level 1. HP: 18/18 MP: 3/3
   165 | D:1      | Reached XP level 2. HP: 24/25 MP: 4/4
   170 | D:1      | Found a faded altar of an unknown god.
   694 | D:1      | Reached skill level 4 in Translocations
   959 | D:2      | Reached XP level 3. HP: 31/31 MP: 5/5
  1493 | D:3      | Noticed a bullfrog
  1493 | D:3      | Noticed Jessica
  1493 | D:3      | Found a runed translucent door.
  1631 | D:2      | Reached XP level 4. HP: 14/38 MP: 6/6
  1735 | D:3      | Reached skill level 5 in Translocations
  2104 | D:3      | Found an opulent altar of Gozag.
  2302 | D:3      | Found a white marble altar of Elyvilon.
  2327 | D:3      | Killed Jessica
  2328 | D:3      | Reached XP level 5. HP: 38/43 MP: 7/7
  2453 | D:3      | Noticed Soraphim's ghost (amateur MiFi)
  2500 | D:3      | Found a runed translucent door.
  2592 | D:3      | Reached skill level 6 in Translocations
  2785 | D:3      | Became a worshipper of Gozag Ym Sagoz the Greedy
  3003 | D:4      | Noticed an ogre
  3028 | D:3      | Killed an ogre
  3029 | D:3      | Reached XP level 6. HP: 41/51 MP: 8/8
  3036 | D:3      | Reached skill level 7 in Translocations
  3167 | D:4      | Splashed by a jelly's acid

Illustrated notes

Levels and vault maps discovered:
D:1:      dpeg_arrival_houses_and_road, layout_loops_cross,
          shapermc_ecumenical_altar_starsandcircs
D:2:      layout_basic
D:3:      minmay_chambers_of_threes, layout_rooms,
          mainiacjoe_overflow_small_starburst,
          mainiacjoe_overflow_cross_hatched, ebering_ghost_sewer_f, uniq_jessica
D:4:      layout_cave_pools, minmay_temple_entry_enclosed_plants,
          uniq_blork_the_orc

Skill      XL: |  1  2  3  4  5  6 |
---------------+-------------------+-----
Translocations | 4 5 6 7 |  7.1
Fighting       | |  1.7
Maces & Flails | |  1.7
Throwing       | |  0.8
Armour         | |  1.2
Dodging        | |  1.3
Spellcasting   | |  1.7

Action                     |  1- 3 |  4- 6 || total
---------------------------+-------+-------++-------
  Melee: Dagger            |   114 |   254 ||   368
         Mace              |     8 |       ||     8
         Tailslap          |    10 |    28 ||    38
         Punch             |       |     6 ||     6
  Throw: Boomerang         |     2 |       ||     2
    Use: Potion            |       |     1 ||     1
 Armour: Leather armour    |    61 |   128 ||   189
  Dodge: Dodged            |    61 |   132 ||   193
